Map: 만발의 정원 - 래더

Players

TYTY (TY) - Winner!

  • Race: Terran Terran
  • League: Diamond
  • Spawn Location: 1:00

trusT

  • Race: Protoss Protoss
  • Spawn Location: 7:00

VOD

Have the link to the VOD?

Description

Time

  • Played on: Nov. 27, 2016, 6:32 a.m.
  • Length: 9:05
Show
View Real Time Build Order
Export as new Build Order

TYTY Terran - Winner!

Build Orders: Reaper Expand, MMM Bio 

Get SALT Encoding   

  12  0:00  SCV  
  13  0:12  SCV  
  14  0:20  Supply Depot  
  14  0:24  SCV  
  15  0:29  Refinery  
  15  0:42  SCV  
  16  0:44  Barracks  
  16  0:54  SCV  
  17  1:06  SCV  
  18  1:18  SCV  
  19  1:31  Orbital Command, Reaper  
  20  1:42  Command Center  
  20  1:52  Factory  
  20  1:57  SCV  
  21  2:05  Refinery  
  21  2:09  Supply Depot  
  21  2:11  Barracks Reactor  
  21  2:14  SCV  
  22  2:26  SCV  
  23  2:37  Starport  
  23  2:38  SCV  
  23  2:42  Widow Mine  
  26  2:47  Marine x2  
  26  2:50  SCV  
  29  2:54  Orbital Command  
  29  3:02  SCV  
  29  3:05  Marine x2  
  30  3:10  Widow Mine  
  34  3:14  Medivac  
  34  3:16  SCV  
  34  3:19  SCV  
  38  3:23  Marine x2  
  38  3:24  Supply Depot  
  40  3:29  SCV  
  40  3:31  SCV  
  42  3:39  Cyclone  
  42  3:41  Marine  
  45  3:46  SCV, Marine  
  48  3:48  Viking  
  48  3:50  SCV  
  48  3:52  Supply Depot  
  50  3:59  Marine  
  49  4:03  Marine  
  48  4:11  SCV x2  
  48  4:12  Cyclone  
  48  4:15  Supply Depot  
  48  4:16  Marine  
  54  4:18  Viking  
  54  4:21  Marine  
  57  4:25  SCV  
  57  4:26  SCV  
  59  4:34  Marine  
  60  4:39  SCV x2, Marine  
  60  4:40  Command Center  
  60  4:45  Cyclone  
  66  4:50  Medivac  
  66  4:51  SCV x2  
  70  5:00  Supply Depot  
  70  5:06  Liberator  
  70  5:15  Barracks  
  70  5:16  Barracks  
  70  5:21  SCV x2, Marine x2  
  73  5:33  Cyclone  
  73  5:34  SCV x2  
  76  5:39  Marine x2  
  75  5:46  SCV x2  
  67  5:55  Barracks  
  67  5:56  Barracks  
  67  5:57  Orbital Command, Marine x2  
  67  5:58  SCV x2  
  71  6:06  Barracks Tech Lab x2  
  71  6:08  Starport Reactor  
  71  6:09  Factory Reactor  
  71  6:10  SCV x2  
  70  6:12  Refinery  
  70  6:14  Refinery  
  70  6:15  Marine x2  
  72  6:19  Engineering Bay  
  72  6:22  SCV x2  
  74  6:28  Marauder  
  74  6:29  Marauder  
  74  6:31  Stimpack, SCV  
  79  6:34  Marine, SCV  
  79  6:35  SCV, Supply Depot, Marine  
  79  6:36  Refinery  
  79  6:39  Supply Depot  
  83  6:40  Refinery  
  83  6:43  SCV  
  83  6:44  Barracks Tech Lab  
  83  6:46  SCV  
  85  6:47  SCV  
  85  6:49  Marine  
  88  6:54  Factory Reactor  
  88  6:55  Marine x2, SCV  
  88  6:56  Marine x2  
  88  6:58  SCV  
  88  6:59  SCV  
  94  7:02  Terran Infantry Weapons Level 1, Supply Depot, Marine x2  
  94  7:04  Combat Shields  
  94  7:07  SCV, Marine  
  98  7:10  SCV  
  98  7:12  Medivac, SCV  
  98  7:13  Marine  
  103  7:17  Supply Depot  
  103  7:18  Supply Depot, Missile Turret  
  103  7:21  Marine x3  
  107  7:22  SCV  
  107  7:25  Marauder x2  
  107  7:27  Marauder  
  113  7:31  Widow Mine x2  
  113  7:34  Supply Depot  
  117  7:37  Concussive Shells  
  117  7:38  Medivac, Marine  
  120  7:44  Medivac  
  120  7:47  Marauder  
  120  7:49  Marauder  
  120  7:50  Marauder, Marine x3  
  131  7:56  Armory, Marine  
  131  7:58  Engineering Bay  
  132  8:05  Supply Depot  
  132  8:06  Widow Mine x2  
  132  8:07  Marine  
  132  8:08  Marine x2  
  132  8:11  Marauder  
  141  8:13  Marine  
  141  8:20  Supply Depot  
  141  8:21  Supply Depot x2  
  141  8:27  Marauder, Marine x3  
  149  8:36  Marine  
  149  8:37  Marine  
  149  8:39  SCV x2  
  149  8:42  Marauder  
  149  8:45  Marine x2  
Show
View Real Time Build Order
Export as new Build Order

trusT Protoss 

Build Orders: 1 Gate Expand, Oracle Opening 

Get SALT Encoding   

  12  0:00  Probe (Chrono Boost)  
  13  0:11  Probe (Chrono Boost)  
  14  0:18  Pylon  
  14  0:21  Probe (Chrono Boost)  
  15  0:36  Probe (Chrono Boost), Gateway  
  15  0:40  Assimilator  
  16  0:47  Probe (Chrono Boost)  
  17  0:58  Probe (Chrono Boost)  
  18  1:08  Probe (Chrono Boost)  
  19  1:20  Nexus  
  19  1:27  Cybernetics Core  
  19  1:30  Probe (Chrono Boost)  
  20  1:36  Assimilator  
  20  1:41  Probe (Chrono Boost)  
  21  1:48  Pylon  
  21  1:51  Probe (Chrono Boost)  
  22  2:02  Adept  
  22  2:03  Probe (Chrono Boost)  
  25  2:15  Probe (Chrono Boost)  
  26  2:18  Stargate  
  26  2:28  Warp Gate  
  26  2:29  Probe (Chrono Boost)  
  27  2:30  Adept  
  27  2:32  Probe (Chrono Boost)  
  30  2:41  Probe (Chrono Boost)  
  30  2:43  Probe (Chrono Boost)  
  33  2:53  Probe x2 (Chrono Boost)  
  33  2:54  Adept  
  36  2:59  Oracle  
  36  3:05  Probe x2 (Chrono Boost)  
  41  3:10  Pylon  
  41  3:17  Probe (Chrono Boost)  
  41  3:18  Probe (Chrono Boost)  
  43  3:30  Probe (Chrono Boost), Oracle  
  43  3:33  Gateway x2  
  44  3:34  Pylon  
  47  3:44  Probe (Chrono Boost)  
  47  3:51  Probe (Chrono Boost)  
  48  3:56  Probe (Chrono Boost)  
  48  4:02  Probe (Chrono Boost)  
  47  4:11  Nexus  
  47  4:13  Probe x2 (Chrono Boost), Assimilator x2  
  47  4:14  Pylon  
  47  4:22  Robotics Facility  
  47  4:23  Phoenix  
  44  4:28  Probe (Chrono Boost)  
  44  4:30  Probe (Chrono Boost)  
  46  4:41  Adept x2  
  46  4:42  Adept  
  46  4:43  Mothership Core (Chrono Boost)  
  46  4:45  Probe (Chrono Boost)  
  55  4:47  Phoenix  
  57  4:58  Pylon  
  57  5:06  Pylon  
  56  5:07  Adept x3  
  56  5:11  Observer  
  59  5:26  Phoenix  
  52  5:30  Stalker  
  52  5:31  Zealot  
  52  5:34  Adept  
  56  5:42  Probe (Chrono Boost)  
  49  5:53  Stalker x2  
  45  5:57  Stalker  
  47  6:05  Probe x2 (Chrono Boost)  
  47  6:06  Probe (Chrono Boost)  
  47  6:08  Warp Prism  
  50  6:15  Probe x2 (Chrono Boost)  
  55  6:18  Probe (Chrono Boost)  
  55  6:22  Twilight Council  
  55  6:26  Probe x2 (Chrono Boost)  
  55  6:27  Forge  
  55  6:29  Phoenix  
  59  6:36  Probe (Chrono Boost)  
  59  6:37  Probe (Chrono Boost)  
  59  6:39  Probe (Chrono Boost)  
  62  6:48  Mothership Core (Chrono Boost)  
  62  6:51  Phoenix  
  62  6:52  Adept, Sentry  
  62  6:53  Protoss Ground Weapons Level 1  
  68  6:54  Adept  
  68  6:56  Probe (Chrono Boost)  
  68  6:57  Probe (Chrono Boost)  
  74  7:02  Resonating Glaives  
  77  7:15  Probe x2 (Chrono Boost)  
  77  7:16  Probe (Chrono Boost)  
  77  7:21  Gateway  
  77  7:22  Gateway  
  77  7:23  Gateway  
  77  7:24  Gateway  
  77  7:31  Sentry  
  77  7:32  Probe x3 (Chrono Boost)  
  77  7:33  Adept  
  77  7:34  Phoenix  
  89  7:45  Immortal  
  89  7:46  Pylon  
  90  7:53  Adept  
  90  7:56  Pylon  
  90  7:58  Pylon  
  92  8:07  Adept x2  
  92  8:11  Phoenix  
  96  8:16  Adept  
  96  8:18  Adept  
  96  8:19  Adept  
  104  8:23  Probe x3 (Chrono Boost), Assimilator  
  107  8:27  Adept x4  
  107  8:32  Pylon  
  76  8:56  Adept x7  
Tags
 
Add a new tag
Caveats
  • Supply blocks, unpowered buildings, or Contaminate may cause inaccurate times.
  • Supply counts are checked every 10 seconds.